 Dungeon Crawl Stone Soup version 0.29.1-1-gd02db6906a (webtiles) character file.

Game seed: 15861934125330409295

1985 AarnesTheHuman the Blocker (level 9, -3/82 HPs)
             Began as a Hill Orc Monk on Oct 4, 2022.
             Was a Believer of Beogh.
             Slain by a vampire (8 damage)
             ... on level 12 of the Dungeon.
             The game lasted 00:16:11 (8408 turns).

AarnesTheHuman the Blocker (Hill Orc Monk)          Turns: 8408, Time: 00:16:12

Health: -3/82      AC:  6    Str: 24    XL:     9   Next: 21%
Magic:  9/9        EV:  9    Int: 12    God:    Beogh [**....]
Gold:   528        SH:  0    Dex: 13    Spells: 8/8 levels left

rFire   . . .      SeeInvis .   a - +12 long sword of the Manifold Nights {vorpal, Int+2}
rCold   + . .      Faith    .   y - +0 tower shield
rNeg    . . .      Spirit   .   N - +0 troll leather armour
rPois   .          Reflect  .   (no helmet)
rElec   .          Harm     .   I - +0 cloak
rCorr   .          Rampage  .   (no gloves)
Will    .....                   v - +0 pair of boots
Stlth   +.........              (no amulet)
HPRegen 1.03/turn               j - +6 ring of strength
MPRegen 0.11/turn               u - ring of protection from cold

@: confused, ambrosia-drunk
A: no striking features
a: Renounce Religion, Smiting


You were on level 12 of the Dungeon.
You worshipped Beogh.
Beogh was pleased with you.
You visited 1 branch of the dungeon, and saw 10 of its levels.

You collected 577 gold pieces.
You spent 49 gold pieces at shops.

Inventory:

Hand Weapons
 a - the +12 long sword of the Manifold Nights (weapon) {vorpal, Int+2}
   (You took it off an orc on level 5 of the Dungeon)

   It inflicts extra damage upon your enemies.
   Int:       It affects your intelligence (+2).
 b - a +2 dagger of venom
 E - a +0 hand axe
 J - a +1 hand axe of pain
Missiles
 e - 47 stones (quivered)
 B - 2 curare-tipped darts
 D - 6 javelins
 G - 5 poisoned darts
Armour
 f - a +0 robe
 m - a +0 leather armour
 n - a +0 ring mail
 v - a +0 pair of boots (worn)
 y - a +0 tower shield (worn)
 I - a +0 cloak (worn)
 N - a +0 troll leather armour (worn)
Magical Staves
 A - a staff of death
Jewellery
 j - a +6 ring of strength (left hand)
 q - a ring of fire
 r - a ring of fire
 s - a ring of ice
 u - a ring of protection from cold (right hand)
 w - a +4 ring of evasion
Wands
 k - a wand of roots (4)
 C - a wand of charming (3)
Scrolls
 t - 2 scrolls of amnesia
 x - 3 scrolls of blinking
 z - 4 scrolls of teleportation
 K - a scroll of magic mapping {unknown}
 M - 2 scrolls of torment {unknown}
Potions
 d - 3 potions of haste
 i - a potion of mutation
 l - a potion of curing
 o - 2 potions of magic
 p - 2 potions of cancellation
 F - a potion of lignification
 H - 3 potions of resistance
 L - a potion of brilliance {unknown}


   Skills:
 + Level 8.6 Fighting
 - Level 8.0 Axes
 + Level 0.0 Throwing
 - Level 2.4 Dodging
 - Level 1.5 Stealth
 - Level 9.0 Shields
 + Level 0.0 Invocations


You had 8 spell levels left.
You didn't know any spells.
Your spell library contained the following spells:

 Spells                   Type           Power      Damage    Failure   Level
 Magic Dart               Conj           0%         1d3       95%         1
 Summon Small Mammal      Summ           0%         N/A       95%         1
 Call Imp                 Summ           0%         N/A       99%         2
 Poisonous Vapours        Pois/Air       0%         N/A       99%         2
 Static Discharge         Conj/Air       0%         3-3/arc   99%         2
 Call Canine Familiar     Summ           0%         N/A       100%        3
 Conjure Flame            Conj/Fire      0%         6-21      100%        3
 Ignite Poison            Fire/Tmut/Pois 0%         N/A       100%        3
 Mephitic Cloud           Conj/Pois/Air  0%         N/A       100%        3
 Summon Guardian Golem    Hex/Summ       0%         N/A       100%        3
 Tukima's Dance           Hex            0%         N/A       100%        3
 Corpse Rot               Necr/Pois/Air  0%         N/A       100%        4
 Leda's Liquefaction      Hex/Erth       0%         N/A       100%        4
 Passage of Golubria      Tloc           0%         N/A       100%        4
 Sticky Flame             Conj/Fire      0%         2d3       100%        4
 Lee's Rapid Deconstruct  Erth           0%         3d5*      100%        5
 Lightning Bolt           Conj/Air       0%         1d11      100%        5
 Yara's Violent Unravell  Hex/Tmut       0%         3d3       100%        5
 Statue Form              Tmut/Erth      0%         N/A       100%        6
 Maxwell's Capacitive Co  Air            0%         ∞         100%        8


Dungeon Overview and Level Annotations

Branches:
Dungeon (9/15)             Temple (0/1) D:5
   Lair: D:8-11         Orc: D:9-12

Altars:
Ashenzari
Dithmenos
Kikubaaqudgha
Makhleb
Nemelex Xobeh
Qazlal
Trog
Vehumet

Shops:
D:2 [   D:3 [*   D:4 :?[[:


Message History

You barely miss something. Something hits you! Something bites you!
* * * LOW HITPOINT WARNING * * *
Something draws strength from your injuries!
You miss something. Something hits you but does no damage. Something bites you.
* * * LOW HITPOINT WARNING * * *
Something draws strength from your injuries!
Something hits you!
* * * LOW HITPOINT WARNING * * *
Something bites you!
* * * LOW HITPOINT WARNING * * *
Something draws strength from your injuries!
You feel much better. Something hits you!
* * * LOW HITPOINT WARNING * * *
Something bites you!
* * * LOW HITPOINT WARNING * * *
Something draws strength from your injuries!
You feel much better. Something hits you!
* * * LOW HITPOINT WARNING * * *
You block something's attack.
You can't see any enemies this would affect, really read the scroll of fear?
As you read the scroll of fear, it crumbles to dust.
You assume a fearsome visage.
Nothing appears to happen.
Something hits you!
* * * LOW HITPOINT WARNING * * *
Something bites you but does no damage.
You feel much better. You block something's attack. Something bites you!
* * * LOW HITPOINT WARNING * * *
Something draws strength from your injuries!
You slash something! Something hits you.
* * * LOW HITPOINT WARNING * * *
Something bites you.
* * * LOW HITPOINT WARNING * * *
Something draws strength from your injuries!
Something hits you!
* * * LOW HITPOINT WARNING * * *
Something bites you.
* * * LOW HITPOINT WARNING * * *
Something draws strength from your injuries!
You are confused.
You feel invigorated. Something hits you!
You die...

.##############
.....(.........
......{........ #@#
#.#
######.#########.#
..................#
..................#
....#############.#
##. .. .


There were no monsters in sight!

Vanquished Creatures
  A troll (D:9)
  Grinder (D:3)
  A water moccasin (D:8)
  Duvessa (D:5)
  An orc warrior (D:7)
  A sky beast (D:7)
  2 black bears
  A centaur (D:8)
  An ogre (D:6)
  2 bullfrogs
  2 scorpions
  2 necrophages
  Dowan (D:5)
  3 jellies
  3 hounds
  An iguana (D:6)
  An orc wizard (D:8)
  6 adders
  2 white imps
  2 ufetubi
  A worm (D:4)
  6 dart slugs
  20 orcs
  5 bats
  6 endoplasms
  6 giant cockroaches
  12 goblins
  10 hobgoblins
  2 jackals (D:4)
  3 quokkas
  4 ball pythons
  2 frilled lizards (D:2)
  10 kobolds
  6 rats
128 creatures vanquished.

Vanquished Creatures (others)
  4 toadstools (D:3)
4 creatures vanquished.

Grand Total: 132 creatures vanquished

Notes
Turn   | Place    | Note
-------+----------+-------------------------------------------
     0 | D:1      | AarnesTheHuman the Hill Orc Monk began the quest for the
                  | Orb.
     0 | D:1      | Reached XP level 1. HP: 19/19 MP: 1/1
   184 | D:1      | Reached XP level 2. HP: 17/26 MP: 2/2
   495 | D:1      | Reached skill level 5 in Axes
   749 | D:1      | Reached XP level 3. HP: 29/31 MP: 3/3
  1123 | D:1      | Found a faded altar of an unknown god.
  1747 | D:2      | Reached XP level 4. HP: 38/39 MP: 4/4
  1908 | D:2      | Found Kavub's Armour Shoppe.
  2712 | D:3      | Found Estruidd's Armour Boutique.
  2758 | D:3      | Noticed Grinder
  2893 | D:4      | Noticed a scorpion
  2900 | D:4      | Killed a scorpion
  2901 | D:4      | Reached XP level 5. HP: 45/45 MP: 5/5
  2903 | D:4      | Found Bat Yliw's Magic Scroll Boutique.
  2918 | D:4      | Found Eheff's Armour Emporium.
  3009 | D:4      | Found a sparkling altar of Nemelex Xobeh.
  3053 | D:4      | Found a broken altar of Ashenzari.
  3110 | D:4      | Found Cieq's Book Boutique.
  3314 | D:4      | Found a radiant altar of Vehumet.
  3377 | D:4      | Found Meg Vou's Book Shoppe.
  3404 | D:4      | Found Casees's Armour Shoppe.
  3426 | D:4      | Bought a +0 tower shield for 49 gold pieces
  3791 | D:5      | Entered Level 5 of the Dungeon
  3791 | D:5      | Noticed Duvessa
  3791 | D:5      | Noticed Dowan
  3797 | D:5      | Reached skill level 1 in Shields
  4124 | D:5      | Killed Duvessa
  4125 | D:5      | Reached skill level 3 in Shields
  4125 | D:5      | Reached XP level 6. HP: 51/51 MP: 6/6
  4281 | D:5      | Found a staircase to the Ecumenical Temple.
  4337 | D:5      | Found an ancient bone altar of Kikubaaqudgha.
  4432 | D:5      | Killed Dowan
  4452 | D:5      | Reached skill level 4 in Shields
  4649 | D:5      | Reached XP level 7. HP: 57/57 MP: 7/7
  4657 | D:5      | Found a stormy altar of Qazlal.
  4676 | D:5      | Identified the +12 long sword of the Manifold Nights
                  | {vorpal, Int+2}
  4686 | D:5      | Reached skill level 5 in Shields
  5498 | D:6      | Reached skill level 6 in Shields
  5946 | D:6      | Reached skill level 5 in Fighting
  6029 | D:6      | Reached XP level 8. HP: 60/69 MP: 8/8
  6287 | D:6      | Found a burning altar of Makhleb.
  6430 | D:3      | Killed Grinder
  6431 | D:3      | Reached skill level 7 in Shields
  6627 | D:3      | Found Ydaptaem's Assorted Antiques.
  7716 | D:7      | Reached skill level 8 in Shields
  7725 | D:8      | Found a shadowy altar of Dithmenos.
  7982 | D:8      | Became a worshipper of Beogh the Brigand
  7982 | D:8      | Reached * piety under Beogh
  7982 | D:8      | Reached ** piety under Beogh
  8001 | D:8      | Reached XP level 9. HP: 80/81 MP: 9/9
  8172 | D:8      | Found a bloodstained altar of Trog.
  8351 | D:9      | Noticed a troll
  8356 | D:9      | Killed a troll
  8357 | D:9      | Reached skill level 9 in Shields
  8382 | D:9      | You fall into a shaft and drop 3 floors!
  8402 | D:12     | HP: 4/82 [something (8)]
  8407 | D:12     | HP: 3/82 [something (9)]
  8407 | D:12     | HP: 1/82 [something (2)]
  8408 | D:12     | Slain by a vampire

Illustrated notes

Levels and vault maps discovered:
D:1:      beargit_arrival_greenhouse, layout_rooms,
          hellmonk_ecumenical_altar_inner_sanctum, glass_columns_a,
          minmay_close_crescents
D:2:      layout_loops_ring, serial_shops, shop, minmay_misc_feat_tiny,
          moated_statue, dk_noncrumbling_4, minmay_split_cup_small
D:3:      layout_basic, serial_shops, shop, nicolae_shop_hallway_stairs,
          minmay_gold_behind_fungi, st_stairs_8, uniq_grinder
D:4:      layout_loops_ring, mainiacjoe_overflow_surrounded_room,
          mainiacjoe_overflow_two_lobes, serial_shops, nicolae_square_shop,
          shop_coins, shop, nicolae_shop_stone, nicolae_shop_advertising_works
          [nicolae_subvault_shop_adworks], kennysheep_crisscross,
          minmay_misc_feat_secret_circle, minmay_tree_intersection
D:5:      layout_basic, kennysheep_mini, lemuel_doored_altar,
          minmay_temple_entry_enclosed_plants, serial_rivers,
          chequers_serial_rivers_marsh, chequers_serial_rivers_large_b,
          chequers_serial_rivers_micro_a, chequers_serial_rivers_micro_e,
          chequers_serial_rivers_small_3, chequers_serial_rivers_micro_c,
          uniq_duvessa
D:6:      layout_loops_ring, lemuel_coloured_pillars_altar
D:7:      layout_cave_pools
D:8:      layout_gridville, old_standard_altar, nicolae_dithmenos_the_darkroom
D:9:      layout_loops_ring, kennysheep_donut
D:12:     layout_long_grid, zombieorc2_lemuel, uniq_erolcha

Skill      XL: |  1  2  3  4  5  6  7  8  9 |
---------------+----------------------------+-----
Axes           | 5 6 7 8 |  8.0
Shields        | 3 4 6 8 9 |  9.0
Fighting       | 5 7 8 |  8.6
Dodging        | |  2.4
Stealth        | |  1.5

Action                   |  1- 3 |  4- 6 |  7- 9 || total
-------------------------+-------+-------+-------++-------
Melee: Hand axe          |    23 |       |       ||    23
       Dagger            |    86 |   108 |     5 ||   199
       Punch             |     1 |       |       ||     1
       Long sword        |       |       |   118 ||   118
Throw: Stone             |       |     5 |    17 ||    22
       Dart              |       |     3 |     2 ||     5
       Javelin           |       |     2 |     4 ||     6
Invok: Convert to Beogh  |       |       |     1 ||     1
Evoke: Wand              |       |       |     2 ||     2
  Use: Scroll            |       |     6 |    10 ||    16
       Potion            |       |     1 |     5 ||     6
 Stab: Sleeping          |     4 |       |       ||     4
Armor: Robe              |    15 |       |       ||    15
       Ring mail         |     4 |    31 |    33 ||    68
       Leather armour    |     1 |       |       ||     1
       Troll leather arm |       |       |     8 ||     8
Dodge: Dodged            |    63 |    42 |    34 ||   139
Block: Tower shield      |       |    29 |   122 ||   151
